 Dungeon Crawl Stone Soup version 0.28.0-53-g5a82cb258f (webtiles) character file.

Game seed: 5070251436939420311

46 Tirrikindir the Skirmisher (level 3, 36/36 HPs)
             Began as a Troll Fighter on Aug 6, 2022.
             Was an Initiate of Yredelemnul.
             Got out of the dungeon alive.
             The game lasted 00:03:17 (1427 turns).

Tirrikindir the Skirmisher (Troll Fighter)          Turns: 1427, Time: 00:03:17

Health: 36/36      AC:  4    Str: 24    XL:     3   Next: 46%
Magic:  2/2        EV:  9    Int:  4    God:    Yredelemnul [......]
Gold:   85         SH:  7    Dex: 11    Spells: 2/2 levels left

rFire   . . .      SeeInvis .     - Unarmed
rCold   . . .      Faith    .   b - +0 kite shield
rNeg    . . .      Spirit   .   a - +0 robe
rPois   .          Reflect  .   (helmet restricted)
rElec   .          Harm     .   (no cloak)
rCorr   .          Rampage  .   (gloves unavailable)
Will    .....                   (boots unavailable)
Stlth   +.........              (no amulet)
HPRegen 0.92/turn               (no ring)
MPRegen 0.08/turn               (no ring)

@: no status effects
A: large, unfitting armour, claws 3, regeneration 1, shaggy fur 1, tough skin 1
a: Renounce Religion, Recall Undead Harvest


You escaped.
You worshipped Yredelemnul.
Yredelemnul was noncommittal.
You visited 1 branch of the dungeon, and saw 2 of its levels.

You collected 85 gold pieces.

Inventory:

Armour
 a - a +0 robe (worn)
 b - a +0 kite shield (worn)
Jewellery
 h - a ring of positive energy
Potions
 c - a potion of might
 f - a potion of heal wounds {unknown}
 g - a potion of ambrosia {unknown}


   Skills:
 * Level 2.9 Fighting
 + Level 2.7 Dodging
 + Level 2.6 Shields
 * Level 2.7 Unarmed Combat


You had 2 spell levels left.
You didn't know any spells.
Your spell library was empty.

Dungeon Overview and Level Annotations

Branches:
Dungeon (2/15)

Altars:
Yredelemnul

Shops:
D:2 (


Innate Abilities, Weirdness & Mutations

You are too large for most types of armour.
You have claws for hands.
Your natural rate of healing is unusually fast.
You are covered in fur. (AC +1)
You have tough skin. (AC +1)


Message History

Found a faded altar of an unknown god.
The ball python hisses angrily.
An adder comes into view.
The adder hisses angrily.
You completely miss the ball python. The ball python bites you.
You claw the ball python!
You kill the ball python!
You see here a ball python corpse.
You barely miss the adder. You block the adder's attack.
You miss the adder. The adder closely misses you.
You claw the adder!
You kill the adder!
You see here an adder corpse.
You see here an adder corpse.
You see here a ball python corpse.
You open the door.
There is an open door here.
Found 15 arrows.
There is a faded altar of an unknown god here.
You cannot tell which god this altar belongs to.
Convert to them anyway?
Yredelemnul accepts your prayer! Yredelemnul welcomes you!
You can now reap souls.
You can now recall your undead harvest.
(D) Dungeon
Where to? (Enter - D:2, ? - help)
What level of the Dungeon? (default 1, ? - help)
You swap places.
Your giant cockroach zombie bites the fungus.
The fungus begins to die.
There is an entrance to Buniptus's Weapon Shoppe here.
There is a stone staircase leading up here.
You climb upwards.
Your mindless puppet stays behind to rot.
There is a stone staircase leading down here.
There is a staircase leading out of the dungeon here.
(D) Dungeon
Where to? (Enter - D:1 @ (x,y), ? - help)
Okay, then.
Are you sure you want to leave the Dungeon?
This will make you lose the game!
You have escaped!

...>........................#..##
.....(............#..............
..##..##.#..##.####..##.#.#.#..##
..##..##.#..##.####..##.#.#.#..##
..##..##.#..##.#.....##.#........
....(................##.#.#....##
.........#..#######..............
..##..##.#..###...#####.#.#....##
#.....##.#..##..@....##..........
............#.........###.#......
#.##..##.#.##..##.....# #.#....##
#.##.....#.#...###...## #.#....##
..###.##.#.#..####...# #.#......
......##.#.#.## #...## #.#...###
..###.##.#.#..###...# #.#......
..# #.####.#...##...# ###.#...###
..###.#.##.##......## #..........


There were no monsters in sight!

Vanquished Creatures
  An adder (D:2)
  A worm (D:2)
  6 ball pythons
  3 bats (D:1)
  2 endoplasms
  A goblin (D:2)
  4 hobgoblins (D:1)
  4 quokkas
  4 frilled lizards
  3 kobolds
  3 rats (D:1)
32 creatures vanquished.

Vanquished Creatures (others)
  3 fungi (D:2)
  2 plants (D:2)
5 creatures vanquished.

Grand Total: 37 creatures vanquished

Notes
Turn   | Place    | Note
-------+----------+-------------------------------------------
     0 | D:1      | Tirrikindir the Troll Fighter began the quest for the Orb.
     0 | D:1      | Reached XP level 1. HP: 22/22 MP: 0/0
   150 | D:1      | Reached XP level 2. HP: 29/29 MP: 1/1
  1037 | D:2      | Found Buniptus's Weapon Shoppe.
  1073 | D:2      | Reached XP level 3. HP: 36/36 MP: 2/2
  1249 | D:2      | Found a faded altar of an unknown god.
  1304 | D:2      | Prayed at the altar of an unknown god.
  1304 | D:2      | Became a worshipper of Yredelemnul the Dark
  1304 | D:2      | Reached * piety under Yredelemnul
  1427 | D:$      | Got out of the dungeon alive.

Illustrated notes

Levels and vault maps discovered:
D:1:      dpeg_arrival_round_c, layout_basic
D:2:      layout_basic, serial_shops, nicolae_square_shop,
          dreamdust_ecumenical_altar_grove

Action                   || total
-------------------------++-------
Melee: Unarmed           ||    80
  Use: Scroll            ||     3
Armor: Robe              ||    26
Dodge: Dodged            ||    35
Block: Kite shield       ||    23
